 Dungeon Crawl Stone Soup version 0.24.1-11-gbbbb2193e6 (webtiles) character file.

Game seed: 5981597386039831329, levelgen mode: deterministic

2235 Hugehornet the Changer (level 9, -2/53 HPs)
             Began as an Octopode Transmuter on May 14, 2020.
             Was a Believer of Cheibriados.
             Slain by Joseph
             ... wielding a +0 quarterstaff
              (8 damage)
             ... on level 7 of the Dungeon.
             The game lasted 00:16:23 (8746 turns).

Hugehornet the Changer (Octopode Transmuter)        Turns: 8746, Time: 00:16:24

Health: -2/53      AC:  1    Str: 13 (14) XL:     9   Next: 36%
Magic:  7/16       EV: 16    Int: 24      God:    Cheibriados [**....]
Gold:   391        SH:  0    Dex: 17      Spells: 3/18 levels left

rFire    + . .     SeeInvis .     - Unarmed
rCold    . . .     Gourm    .   (shield currently unavailable)
rNeg     . . .     Faith    .   g - +0 hat
rPois    .         Spirit   .   (no amulet)
rElec    .         Reflect  .   i - ring of stealth
rCorr    .         Harm     .   n - +2 ring of evasion
MR       .....                  o - ring of protection from fire
Stlth    ++++......             (no ring)
HPRegen  0.17/turn              (no ring)
MPRegen  0.15/turn              (no ring)
                                (no ring)
                                (no ring)

@: blade tentacles, very slightly contaminated, very slow
A: almost no armour, stealthy swim, amphibious, 8 rings, constrict 8, tentacle
spike 1, camouflage 1, blurry vision 1, deterioration 1, gelatinous body 1,
evolution 1
a: End Transformation, Bend Time, Renounce Religion


You were on level 7 of the Dungeon.
You worshipped Cheibriados.
Cheibriados was pleased with you.
You were not hungry.
You had blades for tentacles.
You visited 2 branches of the dungeon, and saw 8 of its levels.

You collected 391 gold pieces.

Inventory:

Missiles
 a - 17 arrows
Armour
 g - a +0 hat (worn)
 u - a +0 large shield
Jewellery
 i - a ring of stealth (left scythe-like blade)
 n - a +2 ring of evasion (right scythe-like blade)
 o - a ring of protection from fire (on tentacle)
Scrolls
 d - a scroll of immolation {unknown}
 f - 2 scrolls of teleportation {unknown}
 h - 3 scrolls of amnesia {unknown}
 k - 4 scrolls of remove curse {unknown}
 l - 2 scrolls of noise {unknown}
 r - a scroll of fear {unknown}
 s - a scroll of enchant armour {unknown}
 t - 2 scrolls of magic mapping {unknown}
 v - a scroll of fog {unknown}
Potions
 b - 2 potions of curing
 e - 2 potions of cancellation
 j - a potion of resistance
 m - 2 potions of lignification
 p - 2 potions of brilliance
 w - a potion of magic {unknown}
Comestibles
 c - 6 rations
 q - a chunk of flesh


   Skills:
 - Level 1.0 Fighting
 - Level 2.0 Dodging
 - Level 5.6 Unarmed Combat
 + Level 5.3 Spellcasting
 * Level 7.5 Transmutations
 + Level 5.7 Ice Magic
 - Level 3.0 Poison Magic


You had 3 spell levels left.
You knew the following spells:

 Your Spells              Type           Power        Failure   Level  Hunger
a - Beastly Appendage     Tmut           #####.       11%         1    None
b - Sticks to Snakes      Tmut           #####...     12%         2    None
c - Spider Form           Tmut/Pois      ####......   26%         3    ##.....
d - Ice Form              Ice/Tmut       #####...     34%         4    ####...
e - Blade Hands           Tmut           #####.....   47%         5    #####..

Your spell library contained the following spells:

 Spells                   Type           Power        Failure   Level  Hunger


Dungeon Overview and Level Annotations

Branches:
Dungeon (7/15)             Temple (1/1) D:4

Altars:
Ashenzari
Cheibriados
Dithmenos
Elyvilon
Fedhas
Gozag
Hepliaklqana
Kikubaaqudgha
Makhleb
Nemelex Xobeh
Okawaru
Qazlal
Ru
Sif Muna
Trog
Uskayaw
Vehumet
Wu Jian
Xom
Yredelemnul
Zin
The Shining One

Shops:
D:4 [

Annotations:
D:4 exclusion: crocodile
D:5 exclusion: ice beast
D:7 Joseph


Innate Abilities, Weirdness & Mutations

You cannot wear most types of armour.
You are very stealthy in the water. (Stealth+)
You are amphibious.
You can wear up to eight rings at the same time.
You can use your tentacles to constrict eight enemies at once.
Your skin changes colour to match your surroundings (Stealth+).
Your rubbery body absorbs attacks. (AC +1, EV +1)
One of your tentacles bears a spike.
Scrolls take you a little longer to read.
Your body sometimes deteriorates upon taking damage.
You evolve.


Message History

Joseph smiles happily.
Joseph unwields a +0 hunting sling.
Joseph wields a +0 quarterstaff.
Joseph hits you with a +0 quarterstaff!
* * * LOW HITPOINT WARNING * * *
Your body deteriorates!
You feel weakened.
You see here a bullfrog corpse.
You slice Joseph!! Your grab misses Joseph.
You pierce Joseph.
Your squeeze misses Joseph.
Joseph is moderately wounded.
Joseph barely misses you.
You hit Joseph. Your grab misses Joseph.
Joseph is heavily wounded.
Joseph misses you.
You slash Joseph! Your grab misses Joseph.
Your tentacle spike misses Joseph.
Joseph is severely wounded.
You slash Joseph! You grab Joseph.
You pierce Joseph, but do no damage.
You squeeze Joseph!
Joseph is almost dead.
You constrict Joseph. Joseph hits you with a +0 quarterstaff!
You die...

#...............#####......##
....#+#######'######
#.......# .... +.....#
###.###...# .... #.....#
#.....#...# ... #.....#
#####.....#...# ... ###...#
#......_......#
#############...#.....###..
.......(.@......#.....# #..
.........#@.....###.### #..
.........#..........# #..
.........#..........#####..
..@......#........#........
.........#........#........
..#..#...#..####+##........
..##########............###
#............# #............#


You could see Joseph.

Vanquished Creatures
  A two-headed ogre (D:7)
  An ice beast (D:6)
  A black bear (D:6)
  3 phantoms
  2 ogres
  A big kobold (D:6)
  A bullfrog (D:7)
  A wyvern zombie (D:6)
  4 killer bees (D:7)
  A jelly (D:7)
  A howler monkey (D:3)
  3 crimson imps
  3 hounds
  A bullfrog skeleton (D:6)
  An orc priest (D:4)
  A centaur skeleton (D:7)
  An iguana (D:5)
  3 orc wizards (D:4)
  A worker ant (D:3)
  A mummy (D:5)
  9 adders
  3 gnolls
  A shadow imp (D:7)
  2 adder skeletons
  3 worms
  2 dart slugs
  5 leopard geckos
  11 orcs
  3 giant cockroaches
  5 goblins
  4 hobgoblins (D:2)
  11 jackals
  17 kobolds
  A quokka (D:7)
  3 ball pythons
  9 bats
  2 frilled lizards
  A hobgoblin zombie (D:5)
  2 kobold zombies (D:5)
  An orc zombie (D:5)
  A quokka skeleton (D:6)
  7 rats
135 creatures vanquished.

Vanquished Creatures (collateral kills)
  A jelly (D:7)
  2 jackals (D:6)
3 creatures vanquished.

Grand Total: 138 creatures vanquished

Notes
Turn   | Place    | Note
-------+----------+-------------------------------------------
     0 | D:1      | Hugehornet the Octopode Transmuter began the quest for the
                  | Orb.
     0 | D:1      | Reached XP level 1. HP: 13/13 MP: 3/3
   122 | D:1      | Reached XP level 2. HP: 18/18 MP: 3/5
   221 | D:1      | Learned a level 2 spell: Sticks to Snakes
  1017 | D:2      | Reached skill level 3 in Transmutations
  1058 | D:2      | Reached XP level 3. HP: 23/23 MP: 3/6
  1160 | D:2      | Found a sacrificial altar of Ru.
  1477 | D:2      | Found a hazy altar of Hepliaklqana.
  1477 | D:2      | Found an iron altar of Okawaru.
  1553 | D:2      | Found a shimmering altar of Xom.
  1582 | D:2      | Learned a level 3 spell: Spider Form
  1822 | D:2      | Reached skill level 1 in Poison Magic
  1888 | D:3      | Reached XP level 4. HP: 28/28 MP: 6/8
  1937 | D:3      | Found a glowing golden altar of the Shining One.
  2375 | D:3      | Found a glowing silver altar of Zin.
  2676 | D:3      | Reached XP level 5. HP: 33/33 MP: 7/9
  2684 | D:3      | Learned a level 4 spell: Ice Form
  3090 | D:3      | Found a stormy altar of Qazlal.
  3571 | D:3      | Reached skill level 1 in Ice Magic
  3804 | D:4      | Found Qeneafar's Antique Armour Shoppe.
  3872 | D:4      | Reached XP level 6. HP: 38/38 MP: 8/10
  4340 | D:4      | Found a staircase to the Ecumenical Temple.
  4368 | D:4      | Reached skill level 4 in Transmutations
  4394 | D:4      | Noticed a phantom
  4412 | D:4      | Reached XP level 7. HP: 27/43 MP: 5/12
  4708 | Temple   | Entered the Ecumenical Temple
  4719 | Temple   | Became a worshipper of Cheibriados the Contemplative
  5649 | D:5      | Entered Level 5 of the Dungeon
  5905 | D:5      | Gained mutation: Your body sometimes deteriorates upon
                  | taking damage. [potion of mutation]
  5905 | D:5      | Gained mutation: You evolve. [potion of mutation]
  5905 | D:5      | Gained mutation: Scrolls take you a little longer to read.
                  | [potion of mutation]
  5905 | D:5      | Gained mutation: One of your tentacles bears a spike.
                  | [potion of mutation]
  5916 | D:5      | Reached * piety under Cheibriados
  6923 | D:6      | Reached skill level 5 in Transmutations
  7023 | D:6      | Reached XP level 8. HP: 48/48 MP: 11/14
  7717 | D:6      | Reached ** piety under Cheibriados
  7929 | D:6      | Learned a level 5 spell: Blade Hands
  7978 | D:7      | Noticed a two-headed ogre
  8001 | D:7      | Killed a two-headed ogre
  8001 | D:7      | Reached skill level 5 in Unarmed Combat
  8001 | D:7      | Reached skill level 5 in Spellcasting
  8001 | D:7      | Reached skill level 6 in Transmutations
  8001 | D:7      | Reached skill level 5 in Ice Magic
  8001 | D:7      | Reached XP level 9. HP: 12/53 MP: 14/16
  8006 | D:7      | Reached skill level 7 in Transmutations
  8288 | D:7      | Found a shadowy altar of Dithmenos.
  8732 | D:7      | Noticed Joseph
  8746 | D:7      | Slain by Joseph

Levels and vault maps discovered:
D:1:      evilmike_arrival_crescent, layout_basic
D:2:      layout_basic, lemuel_doored_altar,
          gammafunk_temple_overflow_forgotten, minmay_pentomino_p2
D:3:      layout_rooms, tso_oasis_becter, marbit_many_paths,
          lemuel_coloured_pillars_altar, wander_ebering_terrifying_dragon_lair
D:4:      layout_loops_ring, minmay_temple_entry_tees, serial_shops, shop,
          minmay_misc_feat_iff
D:5:      layout_cave_pools, first_ration, minivault_1, mrwooster_statue_mirror,
          nicolae_zen_rock_garden, minmay_mini_ossuary
D:6:      layout_basic, minmay_unpleasant_kobolds
D:7:      layout_gridville, nicolae_overflow_crystal_walls,
          minmay_misc_feat_square, uniq_joseph, uniq_pikel
Temple:   eino_temple_water

Skill      XL: |  1  2  3  4  5  6  7  8  9 |
---------------+----------------------------+-----
Transmutations | 3 4 5 6 7 |  7.5
Spellcasting   | 3 4 5 |  5.3
Poison Magic   | 1 2 3 |  3.0
Ice Magic      | 1 2 4 5 |  5.7
Unarmed Combat | 4 5 |  5.6
Fighting       | |  1.0
Dodging        | |  2.0

Action                   |  1- 3 |  4- 6 |  7- 9 || total
-------------------------+-------+-------+-------++-------
Melee: Unarmed           |    76 |   117 |   187 ||   380
       Constrict         |    25 |    22 |    18 ||    65
       Kick              |    18 |    23 |    28 ||    69
       Tentacles         |    10 |    13 |    18 ||    41
       Punch             |     1 |     1 |     2 ||     4
 Cast: Beastly Appendage |    25 |    25 |     6 ||    56
       Spider Form       |       |     4 |     8 ||    12
       Sticks to Snakes  |       |     3 |    21 ||    24
       Ice Form          |       |       |     3 ||     3
       Blade Hands       |       |       |     1 ||     1
 Abil: End Transformatio |       |     1 |     1 ||     2
  Use: Scroll            |       |       |     9 ||     9
       Potion            |       |       |     7 ||     7
 Stab: Sleeping          |     9 |     6 |     7 ||    22
  Eat: Chunk             |     3 |     9 |     4 ||    16
       Ration            |       |       |     2 ||     2
Armor: Skin              |     8 |     4 |    35 ||    47
Dodge: Dodged            |    44 |    70 |   162 ||   276
